 Dungeon Crawl Stone Soup version 0.24-a0-164-g56e1b8f (webtiles) character file.

Game seed: 9379028744323804722

2361 emperorscorpion the Cutter (level 9, -3/49 HPs)
             Began as a Vine Stalker Berserker on Mar 6, 2019.
             Was a Priest of Trog.
             Slain by a yak (4 damage)
             ... on level 8 of the Dungeon.
             The game lasted 00:08:22 (2271 turns).

emperorscorpion the Cutter (Vine Stalker Berserker) Turns: 2271, Time: 00:08:23

Health: -3/49      AC: 11    Str: 20    XL:     9   Next: 44%
Magic:  0/10       EV:  9    Int:  7    God:    Trog [***...]
Gold:   194        SH:  0    Dex: 17    Spells: 8/8 levels left

rFire    . . .     SeeInvis .   a - +1 short sword
rCold    . . .     Gourm    .   (no shield)
rNeg     . . .     Faith    .   f - +0 chain mail
rPois    .         Spirit   +   (no helmet)
rElec    .         Reflect  .   (no cloak)
rCorr    .         Harm     .   o - +0 pair of gloves
MR       +....                  (no boots)
Stlth    ..........             (no amulet)
HPRegen  0.56/turn              (no ring)
MPRegen  0.12/turn              (no ring)

@: berserk cooldown, slowed, very slow
A: fangs 3, regeneration 1, magic shield, antimagic bite, no potion heal 3, rot
immunity
a: Berserk, Trog's Hand, Renounce Religion


You were on level 8 of the Dungeon.
You worshipped Trog.
Trog was most pleased with you.
You were very hungry.

You visited 1 branch of the dungeon, and saw 9 of its levels.

You collected 194 gold pieces.

Inventory:

Hand Weapons
 a - a +1 short sword (weapon)
Missiles
 h - 7 tomahawks of returning (quivered)
Armour
 b - a +0 animal skin
 f - a +0 chain mail (worn)
 g - a +1 ring mail
 o - a +0 pair of gloves (worn)
Jewellery
 s - an uncursed ring of ice
Scrolls
 d - a scroll of amnesia
 e - a scroll of identify
 i - 4 scrolls of remove curse
 l - 3 scrolls of teleportation
 n - a scroll of noise
 q - 2 scrolls of fear
Potions
 j - 2 potions of flight
 k - a potion of invisibility {unknown}
 m - a potion of heal wounds {unknown}
 p - a potion of resistance {unknown}
Comestibles
 c - 6 rations
 r - 18 chunks of flesh


   Skills:
 + Level 6.4 Fighting
 + Level 7.4 Short Blades
 + Level 5.2 Armour
 + Level 3.6 Dodging
 + Level 1.8 Stealth


You had 8 spell levels left.
You didn't know any spells.
Your spell library was empty.

Dungeon Overview and Level Annotations

Branches:
Dungeon (9/15)                Orc (0/2) D:9
 Temple: D:4-7         Lair: D:8-11

Altars:
Elyvilon

Shops:
D:7 ?


Innate Abilities, Weirdness & Mutations

You have razor-sharp teeth.
Your natural rate of healing is unusually fast.
When hurt, damage is shared between your health and your magic reserves.
Your bite disrupts and absorbs the magic of your enemies.
Potions cannot restore your health.
You are immune to rotting.


Message History

You closely miss the yak. Your bite misses the yak.
The yak is lightly wounded.
You are feeling very hungry.
The yak gores you but does no damage. The yak barely misses you.
You hit the yak but do no damage. You bite the yak. You drain its power.
You feel invigorated.
The yak is moderately wounded.
The yak barely misses you. The yak gores you.
* * * LOW HITPOINT WARNING * * *
You closely miss the yak. You bite the yak! You drain its power.
You feel invigorated.
The yak is heavily wounded.
The yak barely misses you. The yak gores you!
* * * LOW HITPOINT WARNING * * *
You hit the yak but do no damage.
The yak is heavily wounded.
The yak gores you.
* * * LOW HITPOINT WARNING * * *
The yak gores you!
You die...

#...#.#
g... ##
#####.#
...g. .
#.#
.g#g.#.
#.#
#.....#.
#.####
h.....#.##
#....# ...
####o#.#
S.# #Y#.#
... #@#.#
..# #Y#.#
. # #รท#.#
# #.#.#
#.#.##.#
#.....#
######.#


You could see 2 yaks and an orc.

Vanquished Creatures
  A troll (D:9)
  A hippogriff (D:7)
  3 yaks (D:9)
  A warg (D:8)
  An orc warrior (D:8)
  2 sky beasts (D:7)
  A black bear (D:8)
  A necrophage (D:9)
  A phantom (D:9)
  A centaur (D:7)
  3 bullfrogs
  A scorpion (D:7)
  A crimson imp (D:9)
  A quasit (D:8)
  A gnoll shaman (D:8)
  An orc priest (D:6)
  A centaur skeleton (D:7)
  2 hounds (D:7)
  A jelly (D:9)
  5 orc wizards
  An iguana (D:7)
  A worker ant (D:8)
  3 adders
  5 gnolls
  A shadow imp (D:7)
  An adder skeleton (D:9)
  18 orcs
  5 giant cockroaches
  3 hobgoblins
  6 jackals
  4 kobolds
  2 quokkas
  3 bats (D:2)
  4 frilled lizards
  A rat (D:2)
88 creatures vanquished.

Notes
Turn   | Place    | Note
-------+----------+-------------------------------------------
     0 | D:1      | emperorscorpion the Vine Stalker Berserker began the quest
                  | for the Orb.
     0 | D:1      | Reached XP level 1. HP: 11/11 MP: 2/2
   284 | D:2      | Reached XP level 2. HP: 10/16 MP: 3/3
   444 | D:3      | Reached skill level 3 in Short Blades
   713 | D:3      | Found a white marble altar of Elyvilon.
   715 | D:3      | Reached XP level 3. HP: 16/20 MP: 2/4
   769 | D:3      | Reached ** piety under Trog
   928 | D:4      | You fall through a shaft for 2 floors!
   936 | D:6      | Gained mutation: Your natural rate of healing is unusually
                  | fast. [Vine Stalker growth]
   936 | D:6      | Reached XP level 4. HP: 24/24 MP: 5/5
  1036 | D:5      | Entered Level 5 of the Dungeon
  1095 | D:7      | Reached XP level 5. HP: 29/29 MP: 6/6
  1106 | D:7      | Found Cydeq's Magic Scroll Emporium.
  1158 | D:7      | Noticed a sky beast
  1169 | D:7      | Killed a sky beast
  1169 | D:7      | Reached skill level 4 in Short Blades
  1173 | D:7      | Reached XP level 6. HP: 33/33 MP: 7/7
  1223 | D:7      | Noticed a hippogriff
  1232 | D:7      | Killed a hippogriff
  1287 | D:8      | Reached XP level 7. HP: 38/38 MP: 8/8
  1355 | D:7      | Reached skill level 5 in Short Blades
  1491 | D:7      | Reached skill level 1 in Stealth
  1567 | D:6      | Reached skill level 5 in Fighting
  1583 | D:7      | Gained mutation: You have razor-sharp teeth. [Vine Stalker
                  | growth]
  1583 | D:7      | Reached XP level 8. HP: 26/43 MP: 6/9
  1718 | D:8      | Reached *** piety under Trog
  1723 | D:8      | Reached skill level 6 in Short Blades
  1926 | D:9      | Noticed a troll
  1935 | D:9      | Killed a troll
  2063 | D:9      | Reached XP level 9. HP: 47/48 MP: 10/10
  2127 | D:9      | Found a staircase to the Orcish Mines.
  2164 | D:8      | Reached skill level 7 in Short Blades
  2253 | D:9      | Reached skill level 5 in Armour
  2271 | D:8      | HP: 1/49 [yak (3)]
  2271 | D:8      | Slain by a yak

Levels and vault maps discovered:
D:1:      minmay_arrival_five_plusses, layout_basic, minmay_misc_feat_cross,
          hex_intersection
D:2:      layout_basic, overflow_temple_1_default, kennysheep_generic_room_3
D:3:      layout_rooms, old_standard_altar, nicolae_overflow_hidden_temple,
          uniq_crazy_yiuf_cottage, uniq_jessica
D:4:      minmay_general_purpose_star, layout_basic,
          minmay_temple_entry_overgrown, serial_curves, eino_curves_02,
          eino_curves_01
D:5:      minmay_inner_zag, layout_loops_ring, lemuel_round_altar,
          kiku_gazebo_garden_becter, grunt_temple_overflow_open, serial_shops,
          shop, first_ration, minmay_diced_spiral, uniq_pikel
D:6:      layout_basic, serial_shops, shop, roderic_filled_cross, uniq_grinder
D:7:      layout_basic, serial_shops, nicolae_shop_window_shopping
D:8:      layout_loops_ring
D:9:      layout_long_grid, david_orc_3, gammafunk_ghost_arena

Skill      XL: |  1  2  3  4  5  6  7  8  9 |
---------------+----------------------------+-----
Fighting       | 3 4 5 6 |  6.4
Short Blades   | 3 4 5 6 7 |  7.4
Armour         | 2 3 4 5 |  5.2
Dodging        | 2 3 |  3.6
Stealth        | 1 |  1.8

Action                   |  1- 3 |  4- 6 |  7- 9 || total
-------------------------+-------+-------+-------++-------
Melee: Short sword       |    61 |    38 |   233 ||   332
       Bite              |    13 |    16 |    76 ||   105
Invok: Berserk           |     2 |     4 |    10 ||    16
       Trog's Hand       |       |       |     1 ||     1
  Use: Scroll            |       |       |    11 ||    11
  Eat: Chunk             |     1 |     5 |    12 ||    18
Armor: Animal skin       |     4 |       |       ||     4
       Ring mail         |    15 |     9 |    68 ||    92
       Chain mail        |       |       |    30 ||    30
Dodge: Dodged            |    42 |    30 |   159 ||   231

Table legend:
 A = Non-vault XP
 B = Vault XP
 C = Vault XP percentage of total XP
 D = Non-vault monster count
 E = Vault monster count
 F = Vault count percentage of total count
                 A         B        C        D         E       F
            +---------+---------+-------+---------+---------+-------
      Total |    3073 |     301 |   8.9 |      84 |       4 |   4.5
            +---------+---------+-------+---------+---------+-------
        D:1 |       2 |       0 |   0.0 |       1 |       0 |   0.0
        D:2 |      14 |       0 |   0.0 |      10 |       0 |   0.0
        D:3 |      26 |       0 |   0.0 |       8 |       0 |   0.0
        D:6 |     251 |       0 |   0.0 |      15 |       0 |   0.0
        D:7 |    1082 |       0 |   0.0 |      23 |       0 |   0.0
        D:8 |     402 |     295 |  42.3 |      12 |       2 |  14.3
        D:9 |    1296 |       6 |   0.5 |      15 |       2 |  11.8
            +---------+---------+-------+---------+---------+-------
